Map: Frozen Temple

Players

TomikuS - Winner!

  • Race: Zerg Zerg
  • League: Grandmaster

Miszu

  • Race: Terran Terran
  • League: Master

VOD

Have the link to the VOD?

Description

Time

  • Played on: April 6, 2016, 2:10 p.m.
  • Length: 6:29
Show
View Real Time Build Order
Export as new Build Order

TomikuS Zerg - Winner!

Build Orders: Hatch First 

Get SALT Encoding   

  12  0:01  Drone  
  13  0:14  Overlord  
  13  0:18  Drone  
  14  0:33  Drone x2  
  16  0:38  Drone  
  17  0:57  Hatchery  
  17  1:00  Drone  
  17  1:02  Drone  
  18  1:09  Drone  
  19  1:17  Spawning Pool  
  18  1:20  Drone  
  18  1:23  Extractor  
  18  1:29  Drone  
  19  1:41  Overlord  
  19  2:04  Zergling x4  
  21  2:09  Zergling x2, Queen x2  
  26  2:19  Drone  
  26  2:21  Drone  
  28  2:25  Metabolic Boost  
  28  2:44  Queen x2  
  28  2:45  Overlord  
  32  2:52  Drone x3  
  35  3:05  Drone x2  
  35  3:06  Drone x2  
  39  3:21  Drone x4  
  39  3:24  Overlord  
  43  3:33  Hatchery  
  42  3:40  Evolution Chamber, Queen  
  43  3:46  Overlord  
  43  3:49  Extractor  
  42  3:58  Drone x3  
  42  3:59  Drone x3  
  48  4:06  Zergling x2  
  48  4:07  Zergling x6  
  52  4:10  Zerg Melee Weapons Level 1  
  52  4:26  Overlord  
  52  4:28  Evolution Chamber  
  52  4:29  Drone x4  
  55  4:37  Spore Crawler  
  54  4:38  Spore Crawler  
  52  4:50  Queen  
  52  4:52  Drone x2  
  54  4:57  Lair  
  54  5:00  Zergling x6  
  54  5:01  Zergling x2  
  54  5:02  Spore Crawler  
  57  5:09  Zergling x8  
  57  5:12  Spine Crawler  
  60  5:15  Zergling x4  
  61  5:23  Zergling x2  
  61  5:24  Zergling x4  
  63  5:30  Zergling x6  
  63  5:31  Zergling x2  
  57  5:43  Drone x7  
  65  5:56  Overlord  
  64  5:59  Drone x5  
  63  6:26  Spire  
Show
View Real Time Build Order
Export as new Build Order

Miszu Terran 

Build Orders: Reaper Expand, Hellion Banshee 

Get SALT Encoding   

  12  0:01  SCV  
  13  0:13  SCV  
  14  0:18  Supply Depot  
  14  0:25  SCV  
  15  0:39  SCV  
  15  0:40  Barracks  
  16  0:45  Refinery  
  16  0:51  SCV  
  17  1:04  SCV  
  18  1:16  SCV  
  19  1:28  Orbital Command  
  19  1:29  Reaper  
  20  1:40  Command Center  
  20  1:50  Supply Depot  
  20  1:54  SCV  
  21  2:04  Marine  
  21  2:06  SCV  
  21  2:08  Factory  
  23  2:14  Refinery  
  23  2:18  SCV  
  24  2:23  Barracks Reactor  
  24  2:30  SCV  
  25  2:42  SCV  
  26  2:51  Bunker  
  26  2:52  Orbital Command  
  26  2:54  SCV  
  26  2:56  Starport  
  27  3:06  SCV  
  27  3:10  Hellion x2  
  32  3:17  SCV  
  32  3:18  SCV  
  32  3:19  Barracks Tech Lab  
  34  3:24  Supply Depot  
  34  3:30  SCV x2  
  34  3:31  Hellion  
  40  3:34  Hellion  
  40  3:42  SCV  
  40  3:43  SCV  
  40  3:45  Cloaking Field  
  40  3:47  Banshee  
  45  3:54  SCV  
  45  3:55  SCV  
  47  3:58  Armory  
  47  4:02  Supply Depot  
  47  4:06  SCV  
  47  4:07  SCV  
  47  4:09  Hellion x2  
  53  4:18  SCV  
  53  4:23  SCV  
  55  4:29  Supply Depot, Banshee  
  55  4:30  SCV  
  57  4:49  Hellion x2  
  61  4:54  SCV  
  61  4:57  SCV  
  61  4:59  Refinery x2, Command Center  
  63  5:02  Starport  
  63  5:03  Starport  
  63  5:06  SCV  
  64  5:13  Supply Depot  
  64  5:18  SCV  
  57  5:37  SCV  
  57  5:41  Starport Tech Lab x2, SCV  
  45  5:49  SCV  
  42  5:50  Hellion x2  
  42  5:53  SCV  
  50  6:01  SCV  
  51  6:05  SCV  
  50  6:13  SCV  
Tags
 
Add a new tag
Caveats
  • Supply blocks, unpowered buildings, or Contaminate may cause inaccurate times.
  • Supply counts are checked every 10 seconds.